 Dungeon Crawl Stone Soup version 0.28-b1-25-g9875b3fc8c (webtiles) character file.

Game seed: 12809798600826694177

28 cbfl8 the Sneak (level 2, -12/27 HPs)
             Began as a Minotaur Delver on Feb 2, 2022.
             Mangled by an ogre (25 damage)
             ... on level 3 of the Dungeon.
             The game lasted 00:01:28 (446 turns).

cbfl8 the Sneak (Minotaur Delver)                    Turns: 446, Time: 00:01:28

Health: -12/27     AC:  9    Str: 22    XL:     2   Next: 96%
Magic:  1/1        EV: 12    Int:  7    God:
Gold:   11         SH:  0    Dex: 11    Spells: 1/1 levels left

rFire   . . .      SeeInvis .   a - +0 hand axe
rCold   . . .      Faith    .   (no shield)
rNeg    . . .      Spirit   .   k - +3 leather armour
rPois   .          Reflect  .   (helmet restricted)
rElec   .          Harm     .   (no cloak)
rCorr   .          Rampage  .   (no gloves)
Will    .....                   m - +2 pair of boots
Stlth   ++........              (no amulet)
HPRegen 0.09/turn               j - +6 ring of strength
MPRegen 0.07/turn               (no ring)

@: no status effects
A: horns 2, retaliatory headbutt
a: no special abilities


You were on level 3 of the Dungeon.
You visited 1 branch of the dungeon, and saw 4 of its levels.

You collected 11 gold pieces.

Inventory:

Hand Weapons
 a - a +0 hand axe (weapon)
Armour
 b - a +0 leather armour
 h - a +0 ring mail
 k - a +3 leather armour (worn)
 m - a +2 pair of boots (worn)
Jewellery
 j - a +6 ring of strength (left hand)
Wands
 g - a wand of digging (3)
 l - a wand of paralysis (4)
Scrolls
 c - a scroll of fog
 d - a scroll of magic mapping
 e - a scroll of fear
Potions
 f - a potion of haste
 i - a potion of lignification {unknown}


   Skills:
 + Level 3.7 Fighting
 + Level 2.9 Axes
 + Level 0.1 Armour
 + Level 2.2 Dodging
 + Level 4.6 Stealth


You had one spell level left.
You didn't know any spells.
Your spell library was empty.

Dungeon Overview and Level Annotations

Branches:
Dungeon (6/15)
 Temple: D:4-7

Altars:
Uskayaw


Innate Abilities, Weirdness & Mutations

You have a pair of horns on your head.
You reflexively headbutt those who attack you in melee.


Message History

The giant cockroach barely misses you. You furiously retaliate!
You headbutt the giant cockroach, but do no damage.
You slash the giant cockroach!
You kill the giant cockroach!
You open the door.
There is an open door here.
There is an open door here.
You see here a quokka corpse.
You see here a +0 ring mail.
An endoplasm comes into view.
Found a mace.
The endoplasm quivers.
You hit the endoplasm.
The endoplasm is severely wounded.
The endoplasm hits you but does no damage.
You slash the endoplasm!
You kill the endoplasm!
You open the door.
An orc and a kobold come into view.
The kobold is wielding a +1 dagger of draining.
Found a hide-covered altar of Uskayaw.
An ogre comes into view. It is wielding a +0 giant club.
The ogre shouts!
The orc shouts!
There is an open door here.
You hit the orc.
The orc is heavily wounded.
The orc hits you but does no damage.
You hit the orc.
You kill the orc!
You hit the kobold.
You kill the kobold!
You slash the ogre! You punch the ogre.
The ogre is heavily wounded.
The ogre hits you with a +0 giant club!
Ouch! That really hurt!
You hit the ogre.
The ogre is heavily wounded.
The ogre hits you with a +0 giant club!!
Ouch! That really hurt!
You die...

#.##....# #####
#†##....# ###
......#[##....# ####...
......#.####### .......
......#.####### .......
......#.......## .......
...............# .......
...............##..#####
###............@O..#(..#
#.............#..#(..#
................+..#####
...............##.......
..............)# ...._..
.....########+## .......
##### ....... .......


You could see an ogre and 2 dancing weapons.

Vanquished Creatures
  A hound skeleton (D:4)
  An adder zombie (D:5)
  An orc (D:3)
  2 endoplasms (D:3)
  A giant cockroach (D:3)
  2 jackals (D:3)
  A kobold (D:3)
  A quokka (D:3)
10 creatures vanquished.

Notes
Turn   | Place    | Note
-------+----------+-------------------------------------------
     0 | D:5      | cbfl8 the Minotaur Delver began the quest for the Orb.
     0 | D:5      | Reached XP level 1. HP: 19/19 MP: 0/0
    12 | D:5      | Noticed a centaur
   189 | D:4      | Reached XP level 2. HP: 17/27 MP: 1/1
   315 | D:4      | Noticed a necrophage
   439 | D:3      | Found a hide-covered altar of Uskayaw.
   439 | D:3      | Noticed a +0 hand axe
   439 | D:3      | Noticed a +0 dagger
   440 | D:3      | Noticed an ogre
   446 | D:3      | Mangled by an ogre

Illustrated notes

Levels and vault maps discovered:
D:3:      layout_basic, dancing_weapons_uskayaw, kennysheep_nondescript
D:4:      layout_cave_pools
D:5:      layout_cave_pods, pdpol_wu_jian_five_deadly_venoms,
          minmay_misc_feat_square, minmay_manual_mares
D:6:      layout_loops_ring, nicolae_dithmenos_the_darkroom,
          minmay_temple_entry_arrows, uniq_blork_the_orc, uniq_sigmund

Action                   || total
-------------------------++-------
Melee: Hand axe          ||    29
       Headbutt          ||     1
       Punch             ||     1
 Stab: Sleeping          ||     2
Armor: Ring mail         ||     4
       Leather armour    ||     9
Dodge: Dodged            ||    12
